 Dungeon Crawl Stone Soup version 0.28.0-53-g5a82cb258f (webtiles) character file.

Game seed: 17242350509769283335

466 MiltankisOP the Skirmisher (level 7, -7/78 HPs)
             Began as an Ogre Hunter on July 10, 2022.
             Mangled by an ogre
             ... wielding a +0 giant club
              (28 damage)
             ... on level 4 of the Dungeon.
             The game lasted 00:08:37 (5390 turns).

MiltankisOP the Skirmisher (Ogre Hunter)            Turns: 5390, Time: 00:08:37

Health: -7/78      AC:  5    Str: 19    XL:     7   Next: 8%
Magic:  7/7        EV:  9    Int: 12    God:
Gold:   117        SH:  0    Dex:  9    Spells: 6/6 levels left

rFire   . . .      SeeInvis .   r - +1 whip (elec)
rCold   . . .      Faith    .   (no shield)
rNeg    . . .      Spirit   .   b - +0 robe
rPois   .          Reflect  .   (helmet restricted)
rElec   .          Harm     .   m - +1 cloak
rCorr   .          Rampage  .   (gloves unavailable)
Will    .....                   (boots unavailable)
Stlth   +.........              (no amulet)
HPRegen 0.23/turn               (no ring)
MPRegen 0.10/turn               (no ring)

@: no status effects
A: large, unfitting armour, tough skin 1
a: no special abilities


You were on level 4 of the Dungeon.
You visited 1 branch of the dungeon, and saw 4 of its levels.

You collected 187 gold pieces.
You spent 70 gold pieces at shops.

Inventory:

Hand Weapons
 a - a +0 short sword
 j - a +0 hand axe
 r - a +1 whip of electrocution (weapon)
Missiles
 d - a throwing net (quivered)
 f - 8 poisoned darts
Armour
 b - a +0 robe (worn)
 m - a +1 cloak (worn)
Jewellery
 c - a ring of poison resistance
 o - a ring of fire
Scrolls
 e - a scroll of fear
 h - 3 scrolls of teleportation
 i - a scroll of magic mapping
 k - a scroll of enchant armour
 n - a scroll of vulnerability {unknown}
 p - a scroll of identify
 q - a scroll of amnesia {unknown}
Potions
 g - a potion of curing


   Skills:
 + Level 7.1 Fighting
 + Level 6.4 Throwing
 - Level 1.7 Dodging
 - Level 0.6 Stealth


You had 6 spell levels left.
You didn't know any spells.
Your spell library contained the following spells:

 Spells                   Type           Power      Damage    Failure   Level
 Apportation              Tloc           0%         N/A       32%         1
 Corpse Rot               Necr/Air       0%         N/A       45%         2
 Poisonous Vapours        Pois/Air       0%         N/A       45%         2
 Alistair's Intoxication  Tmut/Pois      0%         N/A       100%        5


Dungeon Overview and Level Annotations

Branches:
Dungeon (4/15)
 Temple: D:4-7

Altars:

Shops:
D:2 *?=

Annotations:
D:3 3 runed translucent doors, MiltankisOP's ghost, amateur OgGl; bnorton916's ghost, amateur DEFE


Innate Abilities, Weirdness & Mutations

You are too large for most types of armour.
You have tough skin. (AC +1)


Message History

You barely miss the orc. The orc hits you with a +0 war axe.
You barely miss the orc. The orc barely misses you.
You hit the orc but do no damage. The orc closely misses you.
You closely miss the orc. The orc hits you with a +0 war axe.
You hit the orc.
The orc is lightly wounded.
The orc hits you with a +0 war axe!
You hit the orc but do no damage. Lightning courses through the orc!!
You kill the orc!
You hit the ball python.
You kill the ball python!
Throw: 4 large rocks
Press: ? - help, Q - select action, (/) - cycle Shift-Dir - straight line, f - orc
Aim: an orc, wielding a +0 whip (62% to hit)
You throw a large rock. The large rock barely misses the orc.
The large rock hits the ogre!
The ogre is severely wounded.
The orc hits you with a +0 whip. The orc hits you but does no damage.
Throw: 3 large rocks
Press: ? - help, Q - select action, (/) - cycle Shift-Dir - straight line, f/p - orc
Aim: an orc, wielding a +0 whip (62% to hit)
You throw a large rock. The large rock hits the orc!!
You kill the orc!
The ogre closely misses you.
Throw: 2 large rocks
Press: ? - help, Q - select action, (/) - cycle Shift-Dir - straight line, f - ogre
Aim: an ogre, wielding a +0 giant club (severely wounded, 76% to hit)
You throw a large rock. The large rock barely misses the ogre.
The large rock hits the iguana!!
You kill the iguana!
The ogre hits you with a +0 giant club!!
Throw: large rock
Press: ? - help, Q - select action, (/) - cycle Shift-Dir - straight line, f/p - ogre
Aim: an ogre, wielding a +0 giant club (severely wounded, 76% to hit)
You throw a large rock. The large rock hits the ogre!
The ogre is almost dead.
The ogre hits you with a +0 giant club.
* * * LOW HITPOINT WARNING * * *
The ogre hits you with a +0 giant club!!
You die...

.# ###.##. ..##
#..)...
.....#####....#
.......<....#
....###....## .
##...#
##..#######
#.onO@...#
#(######...#
Ko.# ..#


##Oon # .... l...# ...### ##.# You could see an ogre, a necrophage and an orc.

Vanquished Creatures
  Grinder (D:3)
  An orc priest (D:4)
  An iguana (D:4)
  4 gnolls
  3 adders
  2 worms
  A dart slug (D:1)
  4 orcs
  6 endoplasms
  7 giant cockroaches
  39 goblins
  30 hobgoblins
  9 kobolds
  3 quokkas
  6 ball pythons
  8 bats
  5 frilled lizards
  6 rats
136 creatures vanquished.

Vanquished Creatures (others)
  2 plants (D:2)
2 creatures vanquished.

Grand Total: 138 creatures vanquished

Notes
Turn   | Place    | Note
-------+----------+-------------------------------------------
     0 | D:1      | MiltankisOP the Ogre Hunter began the quest for the Orb.
     0 | D:1      | Reached XP level 1. HP: 22/22 MP: 1/1
    55 | D:1      | Reached skill level 3 in Fighting
    60 | D:1      | Reached XP level 2. HP: 24/31 MP: 2/2
   466 | D:1      | Reached XP level 3. HP: 36/39 MP: 3/3
   772 | D:1      | Reached skill level 4 in Fighting
   981 | D:2      | Reached XP level 4. HP: 17/49 MP: 4/4
  1438 | D:2      | Reached skill level 5 in Throwing
  1711 | D:2      | Found a faded altar of an unknown god.
  1717 | D:2      | Found Piyl's General Store.
  1756 | D:2      | Found Noneng's Jewellery Shoppe.
  2051 | D:2      | Found Ylugoargh's Magic Scroll Shoppe.
  2063 | D:2      | Bought a scroll of identify for 28 gold pieces
  2063 | D:2      | Bought a scroll of teleportation for 42 gold pieces
  2234 | D:3      | Noticed Grinder
  2239 | D:3      | Killed Grinder
  2240 | D:3      | Reached skill level 6 in Fighting
  2240 | D:3      | Reached XP level 5. HP: 19/59 MP: 5/5
  2240 | D:3      | Reached XP level 6. HP: 22/67 MP: 6/6
  2957 | D:3      | Found a runed translucent gate.
  2957 | D:3      | Found a runed translucent gate.
  2957 | D:3      | Found a runed translucent gate.
  2957 | D:3      | Noticed MiltankisOP's ghost (amateur OgGl)
  2958 | D:3      | Noticed bnorton916's ghost (amateur DEFE)
  5370 | D:4      | Reached skill level 7 in Fighting
  5370 | D:4      | Reached XP level 7. HP: 78/78 MP: 7/7
  5390 | D:4      | Mangled by an ogre

Illustrated notes

Levels and vault maps discovered:
D:1:      zelgadis_glass_arrival_small, layout_rooms, minmay_close_crescents
D:2:      cheibrodos_old_hovel, layout_basic, basic_ecumenical_altar,
          serial_shops, shop, shop_statue, nicolae_shop_window_shopping
D:3:      minmay_goblin_kobold_castle, layout_loops_ring,
          gammafunk_ghost_cemetery, uniq_grinder
D:4:      layout_rooms, nicolae_ossuary_entry_giza, uniq_duvessa

Skill      XL: |  1  2  3  4  5  6 |
---------------+-------------------+-----
Fighting       | 3 4 6 7 |  7.1
Throwing       | 5 6 |  6.4
Dodging        | |  1.7
Stealth        | |  0.6

Action                   |  1- 3 |  4- 6 |  7- 9 || total
-------------------------+-------+-------+-------++-------
Melee: Short sword       |    79 |       |       ||    79
       Hand axe          |    57 |   268 |       ||   325
       Punch             |       |     4 |       ||     4
       Whip              |       |       |    10 ||    10
Throw: Large rock        |     8 |    17 |     4 ||    29
       Throwing net      |       |     1 |       ||     1
  Use: Scroll            |       |     3 |       ||     3
       Potion            |       |     3 |       ||     3
 Stab: Sleeping          |     2 |       |       ||     2
Armor: Robe              |    97 |   137 |     2 ||   236
Dodge: Dodged            |   104 |   172 |     4 ||   280
